 Dungeon Crawl Stone Soup version 0.31-a0-1370-gf52a5a9ab3 (webtiles) character file.

Game seed: 726384904797219940

3105 gelatine the Ruffian (level 9, -1/66 HPs)
             Began as a Demonspawn Shapeshifter on Dec 23, 2023.
             Slain by a yak (12 damage)
             ... on level 8 of the Dungeon.
             The game lasted 00:18:46 (6600 turns).

gelatine the Ruffian (Demonspawn Shapeshifter)      Turns: 6600, Time: 00:18:46

Health: -1/66      AC: 13    Str: 18    XL:     9   Next: 60%
Magic:  9/9        EV: 12    Int: 11    God:
Gold:   418        SH:  7    Dex: 13    Spells: 8/8 levels left

rFire   . .          .
                       - Unarmed
rCold   . . .        b - +0 kite shield
rNeg    . . .        n - +1 leather armour of Loss {rPois}
rPois   +            (helmet currently unavailable)
rElec   .            (cloak currently unavailable)
rCorr   .            (gloves currently unavailable)
SInv    .            (boots currently unavailable)
Will    .....        y - amulet of regeneration
Stlth   ++           k - +4 ring of slaying
HPRegen 1.11/turn    (no ring)
MPRegen 0.11/turn

%: no passive effects
@: mighty, beast-form, sanguine armoured
A: beast (slay +3), horns 1, foul stench 2, powered by pain 1, sanguine armour 2
a: Begin Untransformation


You were on level 8 of the Dungeon.
You were a hulking beast.
You visited 2 branches of the dungeon, and saw 9 of its levels.

You collected 418 gold pieces.

Inventory:

Hand Weapons
 u - a +0 hand axe of electrocution
 D - a +3 whip
 H - a +3 halberd of venom
 K - a +1 hand axe of venom
 M - a +4 quarterstaff of chaos
Missiles
 A - 4 boomerangs (quivered)
 F - 4 silver javelins
 L - 2 throwing nets
Armour
 b - a +0 kite shield (worn)
 m - a +0 pair of gloves
 n - the +1 leather armour of Loss (worn) {rPois}
   (You found it on level 2 of the Dungeon)

   rPois:     It protects you from poison
 w - a +0 pair of boots
 J - a +1 ring mail of positive energy
 N - a +0 cloak
Jewellery
 a - a ring of poison resistance
 k - a +4 ring of slaying (left hand)
 p - a ring of wizardry
 y - an amulet of regeneration (around neck)
Talismans
 c - a beast talisman
 d - a flux talisman
 E - a dragon-blood talisman
 G - a maw talisman
Scrolls
 e - a scroll of poison {unknown}
 h - a scroll of fog {unknown}
 j - 3 scrolls of teleportation
 o - a scroll of vulnerability {unknown}
 s - a scroll of fear {unknown}
 t - 2 scrolls of amnesia {unknown}
 x - 3 scrolls of immolation {unknown}
 z - a scroll of blinking {unknown}
 I - 2 scrolls of noise {unknown}
 O - a scroll of butterflies {unknown}
 P - a scroll of torment {unknown}
Potions
 f - 2 potions of might
 g - a potion of enlightenment
 i - 2 potions of degeneration {unknown}
 l - 2 potions of haste
 q - a potion of resistance
 r - 2 potions of magic {unknown}
 v - a potion of lignification
 B - a potion of mutation {unknown}
 C - 3 potions of curing {unknown}


   Skills:
 * Level 4.7 Fighting
 + Level 0.3 Throwing
 + Level 3.7 Armour
 * Level 6.0 Dodging
 + Level 2.1 Stealth
 + Level 0.8 Shields
 + Level 7.1 Unarmed Combat
 * Level 5.9 Shapeshifting


You had 8 spell levels left.
You didn't know any spells.
Your spell library contained the following spells:

 Spells                   Type           Power      Damage    Failure   Level
 Slow                     Hex            0%         N/A       77%         1
 Lesser Beckoning         Tloc           0%         N/A       88%         2
 Confusing Touch          Hex            0%         N/A       98%         3
 Gell's Gravitas          Tloc           0%         N/A       98%         3
 Sigil of Binding         Hex            0%         N/A       98%         3
 Teleport Other           Tloc           0%         N/A       98%         3
 Vampiric Draining        Necr           0%         2d6       98%         3
 Anguish                  Hex/Necr       0%         N/A       100%        4
 Cause Fear               Hex            0%         N/A       100%        4
 Enfeeble                 Hex            0%         N/A       100%        7


Dungeon Overview and Level Annotations

Branches:
Dungeon (8/15)             Temple (1/1) D:6            Lair (0/5) D:8

Altars:
Cheibriados
Dithmenos
Gozag
Hepliaklqana
Makhleb
Nemelex Xobeh
Qazlal
Ru
Trog
Xom
Yredelemnul


Innate Abilities, Weirdness & Mutations

You are a hulking beast.
Your limbs bulge with bestial killing power. (Slay +3)
You have a pair of small horns on your head.
You sometimes emit foul miasma when damaged in melee.
You sometimes gain a little power by taking damage.
When seriously injured, your blood forms thick armour. (AC +9)


Message History

The yak is heavily wounded.
The yak gores you!
You completely miss the yak.
The yak is heavily wounded.
The yak gores you!
Your blood congeals into armour.
You emit a cloud of foul miasma!
The yak gores you but does no damage.
You hit the yak. You headbutt the yak.
The yak is moderately wounded.
The yak is engulfed in dark miasma.
The yak is poisoned.
The yak misses you. x2
You punch the yak!
The yak is heavily wounded.
The yak is engulfed in dark miasma.
The yak looks even sicker.
The yak seems to slow down.
The yak gores you. The yak gores you!
The yak is engulfed in dark miasma.
The yak looks even sicker.
The yak gores you but does no damage.
You hit the yak.
The yak is severely wounded.
The yak is no longer moving slowly.
The yak closely misses you.
You closely miss the yak. You headbutt the yak!
The yak is almost dead.
The yak is engulfed in dark miasma.
The yak looks as sick as possible!
The yak gores you!
* * * LOW HITPOINT WARNING * * *
The yak barely misses you.
You punch the yak!
You kill the yak!
The yak closely misses you.
Your Unarmed Combat skill increases to level 7!
You feel very mighty all of a sudden. The yak gores you!
* * * LOW HITPOINT WARNING * * *
You focus on the pain.
You feel mightier all of a sudden.
You punch the yak!
You kill the yak!
Your Dodging skill increases to level 6!
You punch the yak!
The yak is moderately wounded.
The yak gores you!
You die...

####....##.PP##....
#......#..PPPP...#..
#......#≈.PP>P..≈#..
#......#..PPPP...#..
#........##P.P##....
#.........#...#.....
#.......#...≈...#...
#....Y...#######...>
#..hY.........######
#########.....#.....
#.....#.....
#.....#.....
#.....#.....
#Y....#.....
#.....##...#
.............#...#
Y............#....


You could see 2 yaks.

Vanquished Creatures
  Grinder (D:3)
  Prince Ribbit (D:7)
  Sigmund (D:3)
  2 yaks (D:8)
  The ghost of chickenman the Ruffian, an amateur TrBe of Trog (D:7)
  Eustachio (D:5)
  Edmund (D:5)
  A phantom (D:5)
  2 wyvern zombies (D:7)
  A bullfrog (D:7)
  A scorpion (D:4)
  Blork the orc (D:6)
  2 gnoll sergeants (D:6)
  6 wights
  2 electric eels
  2 hounds (D:5)
  3 jellies
  5 orc priests
  4 iguanas
  2 sleepcaps
  Jessica (D:2)
  Crazy Yiuf (D:6)
  4 orc wizards
  Robin (D:2)
  4 gnolls (D:4)
  9 adders
  3 bombardier beetles
  2 shadow imps
  4 ufetubi
  4 worms
  2 dart slugs (D:2)
  25 orcs
  7 bats
  10 endoplasms
  8 giant cockroaches
  17 goblins
  9 hobgoblins
  7 jackals
  2 quokkas (D:1)
  8 ball pythons
  2 frilled lizards
  6 kobolds
  5 rats
181 creatures vanquished.

Notes
Turn   | Place    | Note
-------+----------+-------------------------------------------
     0 | D:1      | gelatine the Demonspawn Shapeshifter began the quest for
                  | the Orb.
     0 | D:1      | Reached XP level 1. HP: 15/15 MP: 1/1
   144 | D:1      | Gained mutation: When seriously injured, your blood forms
                  | armour. (AC +9) [demonic ancestry]
   144 | D:1      | Reached XP level 2. HP: 18/21 MP: 2/2
   300 | D:1      | Reached skill level 3 in Unarmed Combat
   431 | D:1      | Gained mutation: You have a pair of small horns on your
                  | head. [demonic ancestry]
   431 | D:1      | Reached XP level 3. HP: 18/26 MP: 3/3
   967 | D:2      | Noticed Jessica
   979 | D:2      | Killed Jessica
  1038 | D:2      | Gained mutation: You may rarely emit foul miasma when
                  | damaged in melee. [demonic ancestry]
  1038 | D:2      | Reached XP level 4. HP: 26/32 MP: 4/4
  1227 | D:2      | Identified the +1 leather armour of Loss {rPois}
  1229 | D:2      | Found a bloodstained altar of Trog.
  1722 | D:3      | Noticed Robin
  1853 | D:2      | Reached XP level 5. HP: 30/38 MP: 5/5
  1855 | D:2      | Killed Robin
  1923 | D:3      | Noticed Grinder
  1932 | D:3      | Killed Grinder
  1933 | D:3      | Reached skill level 1 in Armour
  1933 | D:3      | Reached skill level 4 in Unarmed Combat
  1933 | D:3      | Gained mutation: You sometimes gain a little power by
                  | taking damage. [demonic ancestry]
  1933 | D:3      | Reached XP level 6. HP: 16/45 MP: 6/6
  2353 | D:3      | Noticed Sigmund
  2361 | D:3      | Killed Sigmund
  2362 | D:3      | Gained mutation: When seriously injured, your blood forms
                  | thick armour. (AC +9) [demonic ancestry]
  2362 | D:3      | Reached XP level 7. HP: 41/51 MP: 7/7
  2484 | D:3      | Found a hazy altar of Hepliaklqana.
  3173 | D:4      | Reached skill level 5 in Unarmed Combat
  4126 | D:5      | Entered Level 5 of the Dungeon
  4192 | D:5      | Gained mutation: You sometimes emit foul miasma when
                  | damaged in melee. [demonic ancestry]
  4192 | D:5      | Reached XP level 8. HP: 58/58 MP: 8/8
  4207 | D:5      | Noticed Edmund
  4217 | D:5      | Killed Edmund
  4303 | D:5      | Noticed Eustachio
  4317 | D:5      | Killed Eustachio
  4318 | D:5      | Reached skill level 1 in Stealth
  4346 | D:5      | Found a stormy altar of Qazlal.
  4658 | D:6      | Noticed Blork the orc
  4662 | D:6      | Killed Blork the orc
  4699 | D:6      | Reached skill level 6 in Unarmed Combat
  4708 | D:5      | Reached skill level 5 in Dodging
  4820 | D:6      | Reached skill level 5 in Shapeshifting
  4911 | D:6      | Found a runed translucent door.
  4912 | D:6      | Noticed Crazy Yiuf
  4991 | D:6      | Found a shadowy altar of Dithmenos.
  5071 | D:6      | Found a staircase to the Ecumenical Temple.
  5089 | Temple   | Entered the Ecumenical Temple
  5368 | D:6      | Killed Crazy Yiuf
  5799 | D:7      | Reached XP level 9. HP: 33/62 MP: 9/9
  5926 | D:7      | Found a basalt altar of Yredelemnul.
  6106 | D:7      | Noticed Prince Ribbit
  6130 | D:7      | Killed Prince Ribbit
  6309 | D:7      | Found a runed translucent door.
  6311 | D:7      | Noticed chickenman's ghost (amateur TrBe)
  6405 | D:7      | Killed chickenman's ghost
  6552 | D:8      | Found a staircase to the Lair.
  6598 | D:8      | Reached skill level 7 in Unarmed Combat
  6600 | D:8      | Slain by a yak

Illustrated notes

Levels and vault maps discovered:
D:1:      dpeg_arrival_tiny_f, layout_loops_ring
D:2:      layout_loops_ring, basic_altar, uniq_jessica
D:3:      layout_rooms, mainiacjoe_overflow_boulevard,
          kennysheep_generic_room_5, uniq_grinder, uniq_robin, uniq_sigmund
D:4:      layout_layer_cave, minmay_misc_feat_ornament, kennysheep_flooded_box,
          grunt_ministairs_2
D:5:      layout_rooms, nicolae_qazlal_general_emergency, uniq_eustachio,
          uniq_edmund
D:6:      layout_rooms, nicolae_overflow_crystal_walls,
          minmay_temple_entry_trees, minivault_4, sword_in_stone,
          uniq_crazy_yiuf_cottage
D:7:      layout_loops_ring, lemuel_coloured_pillars_altar,
          lemuel_zombie_altar_yredelemnul, ebering_ghost_reflecting_pool,
          fountainhead, uniq_prince_ribbit1
D:8:      layout_gridville, mainiacjoe_overflow_catwalk,
          nicolae_overflow_squiral, chequers_temple_overflow_statue_of_worship,
          mainiacjoe_overflow_small_starburst, dpeg_oklobed_lair,
          minmay_misc_feat_nine_boxes
Temple:   hellmonk_temple_rainy

Skill      XL: |  1  2  3  4  5  6  7  8  9 |
---------------+----------------------------+-----
Shapeshifting  | 3 4 5 |  5.9
Unarmed Combat | 3 4 5 6 7 |  7.1
Dodging        | 2 3 4 5 6 |  6.0
Fighting       | 2 3 4 |  4.7
Armour         | 1 2 3 |  3.7
Stealth        | 1 2 |  2.1
Throwing       | |  0.3
Shields        | |  0.8

Action                     |  1- 3 |  4- 6 |  7- 9 || total
---------------------------+-------+-------+-------++-------
  Melee: Unarmed           |   105 |    98 |   248 ||   451
         Punch             |     1 |     1 |     4 ||     6
         Headbutt          |     5 |    14 |    65 ||    84
  Throw: Boomerang         |       |       |     5 ||     5
    Use: Potion            |       |     3 |     1 ||     4
         Scroll            |       |       |     4 ||     4
   Stab: Sleeping          |     1 |       |     1 ||     2
 Armour: Animal skin       |    60 |     3 |       ||    63
         Leather armour    |       |    84 |   172 ||   256
         Skin              |       |    16 |       ||    16
  Dodge: Dodged            |   100 |    89 |   163 ||   352
  Block: Kite shield       |       |       |    31 ||    31

Table legend: (Time is in decaauts)
 A = Elapsed time spent in this place.
 B = Non-inter-level travel time spent in this place.
 C = Inter-level travel time spent in this place.
 D = Time resting spent in this place.
 E = Time spent auto-exploring this place.
 F = Levels seen in this place.
 G = Mean time per level.
                   A        B        C        D        E       F      G
               +--------+--------+--------+--------+--------+-----+--------+
         Total |   6581 |   6289 |    292 |     24 |   4926 |   9 |  731.2 |
       Dungeon |   6579 |   6287 |    292 |     24 |   4926 |   8 |  822.4 |
        Temple |      1 |      1 |      0 |      0 |      0 |   1 |    1.0 |
               +--------+--------+--------+--------+--------+-----+--------+

Top non-repeatable levels by time:
     D:4: 1303 daAuts
     D:2: 1228 daAuts
     D:7: 1061 daAuts
     D:1: 961 daAuts
     D:6: 766 daAuts
     D:3: 599 daAuts
     D:5: 592 daAuts
     D:8: 66 daAuts
  Temple: 1 daAuts
